 Dungeon Crawl Stone Soup version 0.24-a0-335-g06ca16a (webtiles) character file.

Game seed: 10959489299434415600

114 Borgoz the Cudgeler (level 4, -1/40 HPs)
             Began as a Gargoyle Gladiator on May 18, 2019.
             Slain by an orc
             ... wielding a +0 club
              (4 damage)
             ... on level 3 of the Dungeon.
             The game lasted 00:03:45 (1803 turns).

Borgoz the Cudgeler (Gargoyle Gladiator)            Turns: 1803, Time: 00:03:46

Health: -1/40      AC: 22    Str: 17 (18) XL:     4   Next: 97%
Magic:  4/4        EV:  2    Int: 12 (14) God:
Gold:   126        SH:  0    Dex:  8 (11) Spells: 3/3 levels left

rFire    . . .     SeeInvis .   a - +0 flail
rCold    . . .     Gourm    .   (no shield)
rNeg     + + +     Faith    .   (armour currently unavailable)
rPois    ∞         Spirit   .   (helmet currently unavailable)
rElec    .         Reflect  .   (cloak currently unavailable)
rCorr    .         Harm     .   (gloves currently unavailable)
MR       .....     NoTele   +   (boots currently unavailable)
Stlth    +.........             q - amulet of inaccuracy (curse)
HPRegen  0.13/turn              l - +4 ring of evasion
MPRegen  0.09/turn              x - +2 ring of evasion

@: brilliant, tree-form
A: negative energy resistance 1, petrification resistance, rot immunity, AC +3
a: no special abilities


You were on level 3 of the Dungeon.
You were hungry.
You were a tree.
You visited 1 branch of the dungeon, and saw 3 of its levels.

You collected 126 gold pieces.

Inventory:

Hand Weapons
 a - a +0 flail (weapon)
Missiles
 d - 3 throwing nets (quivered)
Armour
 c - a +0 helmet (melded)
 e - a +0 scale mail (melded)
Jewellery
 l - a +4 ring of evasion (left branch)
 o - an uncursed ring of stealth
 q - a cursed amulet of inaccuracy (around neck)
 s - a +4 ring of intelligence
 x - a +2 ring of evasion (right branch)
 y - a +2 ring of protection
Wands
 p - a wand of iceblast (3)
Potions
 i - a potion of curing {unknown}
 j - a potion of berserk rage {unknown}
 k - a potion of brilliance
 n - 2 potions of haste
Comestibles
 f - 5 rations
 w - 2 chunks of flesh


   Skills:
 + Level 2.9 Fighting
 * Level 3.9 Maces & Flails
 - Level 1.7 Throwing
 + Level 1.7 Armour
 * Level 3.3 Dodging


You had 3 spell levels left.
You didn't know any spells.
Your spell library was empty.

Dungeon Overview and Level Annotations

Branches:
Dungeon (3/15)

Altars:
Ashenzari
Gozag
Wu Jian
Yredelemnul


Innate Abilities, Weirdness & Mutations

You are resistant to torment.
((Your stone body is resilient. (AC +3)))
You are immune to poison.
You resist negative energy. (rN+)
((You are resistant to electric shocks. (rElec)))
((You can survive without breathing.))
You are immune to petrification.
You are immune to rotting.


Message History

You feel clever all of a sudden. The orc hits you.
* * * LOW HITPOINT WARNING * * *
The orc closely misses you. Something hits you but does no damage.
It was a potion of flight.
You feel very buoyant.
You fly up into the air.
The orc misses you. x2
Something hits you but does no damage.
You aren't carrying any scrolls.
It was a potion of lignification.
You turn into a tree.
Your +0 helmet melds into your body.
Your +0 scale mail melds into your body.
Your roots penetrate the ground.
The orc hits you but does no damage. x2
Something hits you but does no damage.
The orc priest looks braver for a moment.
It was a potion of degeneration.
There was something very wrong with that liquid.
You feel weakened.
You feel dopey.
You feel clumsy. The orc hits you but does no damage.
The orc hits you with a +0 club.
You die...

###.#..#..#####.# #..........#
#.##.##....##.# #..........#
#.##...###....###)........##
#..###.####..#....#.........
##.###...##..#..≈≈≈≈#.......<
#..........((..≈.!............
#########....#.≈≈≈≈...l.......
#...((†...#...........
#..#o♣###.... #...o{# #..
.......o. #<........
##..##.##.# #.. #.# .. ## ..#
... .. ...


You could see an orc priest and 2 orcs.

Vanquished Creatures
  An orc wizard (D:3)
  A gnoll (D:1)
  2 adders
  A worm (D:2)
  A leopard gecko (D:2)
  3 giant cockroaches
  6 goblins
  7 hobgoblins
  8 jackals
  A ball python (D:3)
  7 bats
  3 frilled lizards
  3 kobolds
  12 rats
56 creatures vanquished.

Notes
Turn   | Place    | Note
-------+----------+-------------------------------------------
     0 | D:1      | Borgoz the Gargoyle Gladiator began the quest for the Orb.
     0 | D:1      | Reached XP level 1. HP: 12/12 MP: 1/1
   107 | D:1      | Reached XP level 2. HP: 14/17 MP: 2/2
   412 | D:1      | Reached skill level 1 in Armour
   412 | D:1      | Reached XP level 3. HP: 21/22 MP: 3/3
   815 | D:2      | Found a basalt altar of Yredelemnul.
   819 | D:2      | Found a shattered altar of Ashenzari.
   903 | D:2      | Found an opulent altar of Gozag.
  1354 | D:2      | Found an ornate altar of the Wu Jian Council.
  1373 | D:2      | Reached XP level 4. HP: 26/27 MP: 4/4
  1536 | D:2      | You fall through a shaft!
  1800 | D:3      | HP: 1/27 [orc (1)]
  1803 | D:3      | Slain by an orc

Levels and vault maps discovered:
D:1:      sevenhm_arrival_forest_fort_large_4, layout_loops_cross
D:2:      layout_basic, nicolae_gozag_cash_rules_everything_around_me,
          nicolae_overflow_hidden_temple, first_ration, minivault_25
D:3:      layout_rooms, serial_rivers, chequers_serial_rivers_micro_b,
          chequers_serial_rivers_micro_d, chequers_serial_rivers_micro_e,
          chequers_serial_rivers_small_b, chequers_serial_rivers_large_a

Skill      XL: |  1  2  3 |
---------------+----------+-----
Armour         | 1 |  1.7
Dodging        | 3 |  3.3
Fighting       | |  2.9
Maces & Flails | |  3.9
Throwing       | |  1.7

Action                   |  1- 3 |  4- 6 || total
-------------------------+-------+-------++-------
Melee: Flail             |   129 |   158 ||   287
Throw: Throwing net      |     3 |       ||     3
  Use: Scroll            |       |     6 ||     6
       Potion            |       |     4 ||     4
  Eat: Chunk             |     2 |     1 ||     3
Armor: Scale mail        |    89 |   135 ||   224
       Leather armour    |     2 |       ||     2
       Skin              |       |     4 ||     4
Dodge: Dodged            |   103 |   347 ||   450

Table legend:
 A = Non-vault XP
 B = Vault XP
 C = Vault XP percentage of total XP
 D = Non-vault monster count
 E = Vault monster count
 F = Vault count percentage of total count
                 A         B        C        D         E       F
            +---------+---------+-------+---------+---------+-------
      Total |     163 |       0 |   0.0 |      56 |       0 |   0.0
            +---------+---------+-------+---------+---------+-------
        D:1 |      48 |       0 |   0.0 |      25 |       0 |   0.0
        D:2 |      46 |       0 |   0.0 |      19 |       0 |   0.0
        D:3 |      69 |       0 |   0.0 |      12 |       0 |   0.0
            +---------+---------+-------+---------+---------+-------
